 Dungeon Crawl Stone Soup version 0.21-a0-140-g479285b (webtiles) character file.

613 grindst0ne the Firebug (level 7, -3/64 HPs)
             Began as a Hill Orc Fire Elementalist on July 21, 2017.
             Killed from afar by a centaur zombie (15 damage)
             ... with an exploding inner flame
             ... hexed by the player character
             ... in an ossuary.
             The game lasted 00:15:12 (4172 turns).

grindst0ne the Firebug (Hill Orc Fire Elementalist) Turns: 4172, Time: 00:15:13

Health: -3/64      AC:  7    Str: 12 (13) XL:     7   Next: 44%
Magic:  8/9        EV: 12    Int: 15      God:
Gold:   93         SH:  0    Dex: 10 (11) Spells: 8/9 levels left

rFire    + . .     SeeInvis .   l - +0 dagger (venom)
rCold    + . .     Gourm    .   (no shield)
rNeg     . . .     Faith    +   a - +1 robe
rPois    +         Spirit   .   m - +0 helmet
rElec    +         Reflect  .   w - +2 cloak
rCorr    +         Harm     .   (no gloves)
MR       .....                  (no boots)
Stlth    ++........             y - amulet of faith
HPRegen  0.20/turn              (no ring)
MPRegen  0.11/turn              (no ring)

@: resistant
A: no striking features
a: no special abilities


You were in an ossuary.
You were not hungry.

You visited 1 branch of the dungeon, and saw 4 of its levels.
You also visited: Ossuary.

You collected 93 gold pieces.

Inventory:

Hand Weapons
 g - a +0 club
 l - a +0 dagger of venom (weapon)
 v - a +3 rapier
Armour
 a - a +1 robe (worn)
 m - a +0 helmet (worn)
 q - a scarf of cloud immunity
 w - a +2 cloak (worn)
Jewellery
 x - an uncursed amulet of rage {unknown}
 y - an amulet of faith (around neck)
Scrolls
 k - 2 scrolls of remove curse
 o - a scroll of fear
 A - a scroll of fog
Potions
 i - 2 potions of brilliance
Books
 b - a book of Flames

   Spells                             Type                      Level
   a - Flame Tongue                   Conjuration/Fire             1
   b - Throw Flame                    Conjuration/Fire             2
   c - Conjure Flame                  Conjuration/Fire             3
   d - Inner Flame                    Hexes/Fire                   3
   e - Sticky Flame                   Conjuration/Fire             4
   f - Fireball                       Conjuration/Fire             5
Comestibles
 c - a bread ration
 j - 2 fruits
 n - a meat ration


   Skills:
 - Level 6.3 Fighting
 - Level 1.5 Dodging
 - Level 1.5 Stealth
 - Level 1.5 Spellcasting
 - Level 1.0 Conjurations
 * Level 6.9 Fire Magic


You had 8 spell levels left.
You knew the following spells:

 Your Spells              Type           Power        Failure   Level  Hunger
a - Flame Tongue          Conj/Fire      ##...        4%          1    ##.....


Dungeon Overview and Level Annotations

Branches:
Dungeon (4/15)
 Temple: D:4-7

Altars:
Hepliaklqana

Annotations:
D:4 grindst0ne's ghost, novice HOFE


Message History

It is a scroll of enchant armour.
Your +0 robe glows green for a moment.
The centaur zombie barely misses you. x2
As you read the scroll labeled QUNUIR HUEZ, it crumbles to dust.
The scroll dissolves into smoke.
It was a scroll of fog.
The centaur zombie hits you.
* * * LOW HITPOINT WARNING * * *
You hit the centaur zombie but do no damage.
The centaur zombie is almost destroyed.
The centaur zombie hits you but does no damage.
You hit the centaur zombie.
The centaur zombie explodes!
The fiery explosion engulfs the mummy.
The mummy is burned terribly!
You destroy the mummy!
You feel your strength returning.
The fiery explosion engulfs the bullfrog zombie.
The bullfrog zombie explodes!
You hear an explosion! x2
You feel a bit more experienced. x2; The fiery explosion engulfs you!
You resist.
You die...

######## #≈≈#≈#≈#
#≈≈≈Z#### # #
#P≈.≈.≈.#
#.≈.#≈#'#+#'#+###
'.≈≈≈≈.≈≈≈≈ZZ§§@#
#.#####≈#####§###
+. #.# #.Z.# #.+
#Z# '.### +.# #.#
!#.' #.# #.#
###M# +.' ≈.Z '.'
#.#####≈#####.#
+.#..∩# #!.Z#.'


There were no monsters in sight!

Vanquished Creatures
  A hornet zombie (Ossuary)
  A bullfrog zombie (Ossuary)
  An orc priest (D:3)
  Crazy Yiuf (D:2)
  Jessica (D:2)
  2 orc wizards (D:4)
  A worker ant (D:4)
  A hound zombie (Ossuary)
  A hound skeleton (D:4)
  7 mummies (Ossuary)
  Robin (D:2)
  A worker ant zombie (Ossuary)
  6 adders
  An ooze (D:2)
  An adder zombie (Ossuary)
  An adder skeleton (D:4)
  A worm (D:2)
  3 dart slugs (D:1)
  2 leopard geckos (D:3)
  9 orcs
  3 ball pythons
  10 bats
  4 giant cockroaches (D:2)
  22 goblins
  10 hobgoblins
  4 jackals (D:1)
  8 kobolds
  2 quokkas (D:3)
  6 frilled lizards
  2 giant cockroach zombies (Ossuary)
  A quokka zombie (Ossuary)
  12 rats
127 creatures vanquished.

Vanquished Creatures (others)
  3 withered plants (Ossuary)
3 creatures vanquished.

Grand Total: 130 creatures vanquished

Notes
Turn   | Place    | Note
-------+----------+-------------------------------------------
     0 | D:1      | grindst0ne the Hill Orc Fire Elementalist began the quest for the Orb.
     0 | D:1      | Reached XP level 1. HP: 14/14 MP: 3/3
   128 | D:1      | Reached skill level 1 in Fighting
   314 | D:1      | Reached XP level 2. HP: 8/24 MP: 2/4
   740 | D:1      | You fall through a shaft!
   740 | D:2      | Found a hazy altar of Hepliaklqana.
   740 | D:2      | Noticed Jessica
   824 | D:2      | Noticed Robin
   830 | D:2      | Reached XP level 3. HP: 30/31 MP: 0/5
  1210 | D:2      | Killed Robin
  1578 | D:1      | Reached XP level 4. HP: 36/40 MP: 6/6
  2034 | D:2      | Killed Jessica
  2034 | D:2      | Reached skill level 5 in Fighting
  2129 | D:2      | Reached XP level 5. HP: 47/48 MP: 7/7
  2633 | D:2      | Found a runed door.
  2893 | D:2      | Noticed Crazy Yiuf
  2912 | D:2      | Killed Crazy Yiuf
  3128 | D:3      | Reached XP level 6. HP: 58/58 MP: 4/8
  3611 | D:4      | Noticed grindst0ne's ghost (novice HOFE)
  3682 | D:4      | Reached skill level 5 in Fire Magic
  3884 | D:4      | Found a sand-covered staircase.
  3896 | Ossuary  | Entered an ossuary
  3996 | Ossuary  | Reached XP level 7. HP: 36/64 MP: 6/9
  4172 | Ossuary  | Killed from afar by a centaur zombie

Vault maps used:
D:1:      dpeg_arrival_yet_another_circle, minmay_octomino_j4
D:2:      lemuel_crystal_altar, uniq_crazy_yiuf_cottage, uniq_robin,
          uniq_jessica
D:4:      minmay_diamond_boxcup, chequers_ossuary_entry_cave, first_bread
Ossuary:  ossuary_zaba_flooded

Skill      XL: |  1  2  3  4  5  6  7 |
---------------+----------------------+-----
Fighting       | 1 3 4 5 6 |  6.3
Fire Magic     | 5 6 |  6.9
Dodging        | |  1.5
Stealth        | |  1.5
Spellcasting   | |  1.5
Conjurations   | |  1.0

Action                   |  1- 3 |  4- 6 |  7- 9 || total
-------------------------+-------+-------+-------++-------
Melee: Unarmed           |    21 |       |       ||    21
       Club              |    46 |       |       ||    46
       Dagger            |    32 |   271 |    24 ||   327
 Cast: Flame Tongue      |    28 |    66 |    24 ||   118
  Use: Potion            |     1 |     6 |     5 ||    12
       Scroll            |       |     6 |     6 ||    12
 Stab: Sleeping          |     1 |     3 |       ||     4
  Eat: Chunk             |     3 |     9 |       ||    12
       Bread ration      |       |       |     1 ||     1
Armor: Robe              |    11 |    73 |    18 ||   102
       Skin              |       |    25 |       ||    25
Dodge: Dodged            |    70 |   179 |    63 ||   312
